 Dungeon Crawl Stone Soup version 0.23.2-1-ga50397a (webtiles) character file.

Game seed: 5937064464433376865

80 Fortress the Ogre Mage (level 4, -2/39 HPs)
             Began as an Ogre Wizard on May 29, 2019.
             Slain by an orc
             ... wielding a +0 whip
              (9 damage)
             ... on level 3 of the Dungeon.
             The game lasted 00:13:14 (2037 turns).

Fortress the Ogre Mage (Ogre Wizard)                Turns: 2037, Time: 00:13:15

Health: -2/39      AC:  4    Str: 11    XL:     4   Next: 39%
Magic:  1/10       EV: 10    Int: 20    God:
Gold:   137        SH:  0    Dex:  7    Spells: 11/12 levels left

rFire    . . .     SeeInvis .   j - +0 club
rCold    . . .     Gourm    .   (no shield)
rNeg     . . .     Faith    .   a - +0 robe
rPois    .         Spirit   .   b - +0 hat
rElec    .         Reflect  .   o - +0 cloak
rCorr    .         Harm     .   (gloves unavailable)
MR       .....                  (boots unavailable)
Stlth    +.........             (no amulet)
HPRegen  0.13/turn              (no ring)
MPRegen  0.12/turn              (no ring)

@: no status effects
A: large, unfitting armour, tough skin 1
a: no special abilities


You were on level 3 of the Dungeon.
You were not hungry.

You visited 1 branch of the dungeon, and saw 3 of its levels.

You collected 137 gold pieces.

Inventory:

Hand Weapons
 j - a +0 club (weapon)
 l - a +1 spear of flaming
 m - a +1 dagger of venom
 n - a cursed -2 spear
Missiles
 c - a throwing net (quivered)
Armour
 a - a +0 robe (worn)
 b - a +0 hat (worn)
 o - a +0 cloak (worn)
Jewellery
 g - an uncursed amulet of the acrobat {unknown}
Scrolls
 h - 3 scrolls of remove curse {unknown}
 i - 2 scrolls of enchant armour {unknown}
 k - 3 scrolls of identify {unknown}
 q - a scroll of fear {unknown}
Potions
 e - 2 potions of haste {unknown}
 f - a potion of curing {unknown}
Comestibles
 d - a ration


   Skills:
 + Level 0.7 Maces & Flails
 - Level 2.0 Dodging
 - Level 1.4 Stealth
 + Level 4.9 Spellcasting
 + Level 2.0 Conjurations
   Level 0.8 Summonings
   Level 0.8 Translocations


You had 11 spell levels left.
You knew the following spells:

 Your Spells              Type           Power        Failure   Level  Hunger
a - Magic Dart            Conj           ##..         4%          1    None

Your spell library contained the following spells:

 Spells                   Type           Power        Failure   Level  Hunger
 Blink                    Tloc           N/A          12%         2    #......
 Call Imp                 Summ           #.......     12%         2    #......
 Slow                     Hex            #.......     19%         2    #......
 Conjure Flame            Conj/Fire      #.......     22%         3    ##.....
 Mephitic Cloud           Conj/Pois/Air  #.......     26%         3    ##.....


Dungeon Overview and Level Annotations

Branches:
Dungeon (3/15)

Altars:
Sif Muna


Innate Abilities, Weirdness & Mutations

You are too large for most types of armour.
You have tough skin. (AC +1)


Message History

You have reached level 4!
The orc hits you with a +0 whip. The orc hits you with a +0 club.
The orc hits you with a +0 whip.
* * * LOW HITPOINT WARNING * * *
The orc hits you with a +0 whip.
* * * LOW HITPOINT WARNING * * *
The orc barely misses you.
Things that are here:
a +0 dagger; a +0 robe; an orc corpse You hit the orc.
The orc is moderately wounded.
The orc hits you with a +0 whip.
* * * LOW HITPOINT WARNING * * *
You hit the orc.
The orc is heavily wounded.
The orc hits you but does no damage.
You hit the orc but do no damage.
The orc is heavily wounded.
The orc closely misses you. The orc hits you with a +0 whip!
You die...

#.#(#.#.# ###
#.#.#)#.#...
###.#.#.#.#.#
.....#.....#
#######..#.....#
...............###
####.########..###......#
#........g###..# #....#.#
#.###)###oo@...# #....# .
o. ######.# #....#


.oo #.# #....# ##. #.# #....# # #.. #....# ### ###### You could see 2 orcs and a
hobgoblin.

Vanquished Creatures
  An orc wizard (D:3)
  An ooze (D:2)
  A dart slug (D:2)
  A leopard gecko (D:1)
  An orc (D:3)
  4 bats
  6 giant cockroaches
  7 goblins
  A hobgoblin (D:2)
  4 jackals (D:2)
  7 frilled lizards
  6 kobolds
  2 rats (D:1)
42 creatures vanquished.

Notes
Turn   | Place    | Note
-------+----------+-------------------------------------------
     0 | D:1      | Fortress the Ogre Wizard began the quest for the Orb.
     0 | D:1      | Reached XP level 1. HP: 16/16 MP: 5/5
   371 | D:1      | Reached skill level 4 in Spellcasting
   371 | D:1      | Reached XP level 2. HP: 24/24 MP: 4/7
   374 | D:1      | Reached skill level 1 in Conjurations
  1086 | D:1      | Reached XP level 3. HP: 27/31 MP: 1/8
  1281 | D:2      | Found a deep blue altar of Sif Muna.
  1840 | D:2      | Found a faded altar of an unknown god.
  2032 | D:3      | Reached XP level 4. HP: 24/39 MP: 0/10
  2037 | D:3      | Slain by an orc

Skill      XL: |  1  2  3 |
---------------+----------+-----
Dodging        | 2 |  2.0
Spellcasting   | 4 |  4.9
Conjurations   | 1 2 |  2.0
Maces & Flails | |  0.7
Stealth        | |  1.4
Summonings     | |  0.8
Translocations | |  0.8

Action                   |  1- 3 |  4- 6 || total
-------------------------+-------+-------++-------
Melee: Unarmed           |    38 |       ||    38
       Club              |    59 |     3 ||    62
 Cast: Magic Dart        |    99 |       ||    99
  Eat: Ration            |     1 |       ||     1
Armor: Robe              |    50 |       ||    50
Dodge: Dodged            |    79 |     2 ||    81
